Map: [ESL] Oceanborn

Players

Astrea

  • Race: Protoss Protoss
  • Spawn Location: 11:00

Scarlett - Winner!

  • Race: Zerg Zerg
  • Spawn Location: 5:00

Event: ESL SC2 Masters 2024 Spring (Regional)

VOD

Have the link to the VOD?

Description

Time

  • Played on: May 5, 2024, 12:10 p.m.
  • Length: 10:40

All games in this series

Show
View Real Time Build Order
Export as new Build Order

Astrea Protoss 

Build Orders: 1 Gate Expand, Oracle Opening 

Get SALT Encoding   

  12  0:00  Probe  
  13  0:12  Probe  
  14  0:17  Pylon  
  14  0:24  Probe (Chrono Boost)  
  15  0:36  Probe (Chrono Boost)  
  15  0:39  Gateway  
  16  0:44  Probe (Chrono Boost)  
  16  0:47  Assimilator  
  17  0:51  Probe  
  18  1:03  Probe  
  19  1:15  Probe  
  20  1:24  Nexus  
  20  1:27  Probe  
  21  1:37  Cybernetics Core  
  21  1:41  Assimilator  
  21  1:43  Probe  
  22  1:50  Pylon  
  22  1:55  Probe  
  23  2:06  Probe  
  23  2:10  Adept (Chrono Boost)  
  23  2:14  Probe  
  26  2:19  Stargate  
  27  2:22  Probe  
  27  2:28  Warp Gate  
  28  2:31  Adept (Chrono Boost)  
  28  2:35  Probe  
  28  2:36  Probe  
  32  2:47  Probe  
  32  2:48  Probe  
  34  2:59  Probe  
  34  3:01  Probe  
  40  3:09  Void Ray  
  40  3:12  Probe  
  41  3:13  Probe  
  42  3:23  Nexus  
  42  3:26  Probe  
  43  3:28  Pylon  
  43  3:29  Probe  
  44  3:38  Probe  
  45  3:42  Pylon, Probe  
  45  3:43  Oracle (Chrono Boost)  
  49  3:50  Probe  
  49  3:54  Probe  
  51  3:56  Twilight Council  
  51  3:57  Assimilator  
  51  4:02  Probe  
  52  4:06  Probe  
  53  4:13  Gateway  
  53  4:14  Probe, Gateway  
  54  4:18  Probe  
  55  4:26  Pylon, Blink (Chrono Boost), Probe  
  55  4:28  Stalker  
  55  4:30  Probe, Shield Battery  
  59  4:37  Probe  
  61  4:38  Probe  
  61  4:42  Probe  
  62  4:49  Probe  
  62  4:50  Probe  
  64  4:54  Probe  
  64  4:55  Stalker  
  67  5:02  Probe x2  
  67  5:06  Probe  
  70  5:09  Stalker x2  
  70  5:14  Probe x2  
  75  5:16  Pylon  
  75  5:18  Pylon, Probe  
  77  5:22  Stalker  
  77  5:26  Probe  
  77  5:27  Probe  
  81  5:29  Assimilator  
  81  5:30  Probe  
  81  5:31  Forge  
  81  5:34  Pylon, Stalker x2  
  86  5:38  Probe  
  86  5:42  Probe  
  88  5:47  Probe  
  88  5:48  Stalker  
  91  5:51  Pylon  
  91  5:52  Probe  
  91  5:54  Pylon, Nexus  
  92  5:57  Protoss Ground Weapons Level 1 (Chrono Boost)  
  92  5:58  Probe  
  92  5:59  Probe  
  92  6:01  Assimilator x2  
  94  6:04  Probe  
  94  6:06  Charge, Templar Archives  
  95  6:14  Stalker x3  
  95  6:15  Probe  
  102  6:18  Probe  
  102  6:19  Probe  
  104  6:30  Probe x2  
  104  6:31  Probe  
  105  6:33  Psionic Storm  
  105  6:35  Gateway  
  105  6:36  Gateway  
  105  6:38  Gateway  
  105  6:42  Probe  
  105  6:43  Probe  
  105  6:44  Probe  
  108  6:49  Robotics Facility  
  108  6:50  Robotics Facility  
  108  6:51  Photon Cannon  
  108  6:52  Shield Battery  
  108  6:55  Probe x2  
  108  6:59  Probe  
  110  7:02  Assimilator  
  110  7:04  Assimilator  
  110  7:06  High Templar x2  
  110  7:07  Probe x2  
  110  7:08  Photon Cannon  
  116  7:10  Probe  
  116  7:11  Shield Battery  
  116  7:12  Shield Battery  
  117  7:16  Probe  
  117  7:19  Probe x2  
  117  7:22  Probe  
  120  7:26  High Templar  
  120  7:28  Probe  
  122  7:31  Probe x2  
  122  7:34  Photon Cannon x2, Probe  
  122  7:35  Gateway  
  124  7:37  Gateway  
  124  7:40  Stalker x3, Gateway  
  124  7:41  Stalker  
  124  7:43  Gateway  
  132  7:50  Photon Cannon  
  132  7:52  Pylon, Shield Battery  
  132  7:57  Shield Battery  
  132  8:04  Protoss Ground Armor Level 1  
  132  8:05  Pylon  
  129  8:07  Pylon x2  
  129  8:09  Archon  
  129  8:10  Pylon  
  107  8:13  Stalker x6  
  107  8:14  Probe  
  107  8:16  Probe  
  113  8:20  Phoenix (Chrono Boost)  
  109  8:30  Probe x2  
  109  8:34  Fleet Beacon  
  109  8:35  Probe  
  109  8:36  Probe  
  109  8:39  Stalker x3, High Templar x2, Stargate  
  121  8:42  Shield Battery, Probe x2  
  121  8:43  Phoenix (Chrono Boost)  
  121  8:48  Probe x2  
  127  8:54  Probe x2  
  125  8:57  Zealot x2  
  125  8:58  Archon  
  125  9:00  Probe x2  
  116  9:06  Phoenix (Chrono Boost)  
  116  9:07  Stalker  
  110  9:13  Zealot, Probe x2  
  110  9:14  Zealot, High Templar x2  
  110  9:15  Probe  
  117  9:20  Archon  
  117  9:23  Phoenix  
  90  9:32  Phoenix (Chrono Boost)  
  90  9:33  Anion Pulse-Crystals (Chrono Boost)  
  87  9:40  Zealot x5  
  91  9:48  Phoenix (Chrono Boost)  
  93  9:59  Zealot x4  
  101  10:02  Phoenix (Chrono Boost)  
  101  10:06  Phoenix (Chrono Boost)  
  79  10:10  Zealot x4  
Show
View Real Time Build Order
Export as new Build Order

Scarlett Zerg - Winner!

Build Orders: Hatch First 

Get SALT Encoding   

  12  0:00  Drone  
  13  0:12  Overlord  
  13  0:17  Drone  
  14  0:30  Drone x2  
  16  0:42  Drone  
  17  0:50  Hatchery  
  17  0:54  Drone  
  17  0:59  Drone  
  18  1:07  Extractor  
  17  1:14  Spawning Pool  
  17  1:15  Drone  
  17  1:18  Drone  
  18  1:28  Drone  
  19  1:38  Drone  
  20  1:50  Overlord  
  20  2:00  Queen  
  22  2:02  Zergling x2, Drone, Queen  
  26  2:12  Metabolic Boost  
  26  2:13  Zergling x2  
  26  2:14  Drone  
  28  2:26  Drone x2  
  30  2:37  Queen  
  30  2:42  Zergling x2  
  33  2:48  Hatchery  
  33  2:50  Overlord, Drone  
  33  2:54  Drone  
  33  2:55  Drone  
  35  3:01  Drone  
  36  3:06  Overlord  
  36  3:07  Queen  
  36  3:11  Zergling x2  
  36  3:12  Drone  
  40  3:16  Overlord  
  40  3:29  Drone x2  
  42  3:35  Drone x3  
  45  3:43  Drone x8  
  52  3:53  Drone x2  
  54  4:00  Overlord  
  54  4:07  Spore Crawler  
  54  4:08  Overlord  
  53  4:12  Spore Crawler  
  53  4:17  Drone x6  
  53  4:19  Evolution Chamber  
  53  4:24  Overlord x2  
  57  4:26  Zergling x4  
  57  4:31  Spore Crawler, Queen  
  58  4:36  Drone x6  
  66  4:44  Zerg Melee Weapons Level 1  
  65  4:51  Drone x9  
  73  4:55  Lair  
  73  4:58  Extractor x2  
  71  5:03  Drone x6  
  76  5:15  Drone x6  
  76  5:20  Extractor  
  81  5:26  Drone x6, Hatchery  
  86  5:29  Extractor  
  86  5:30  Extractor  
  86  5:31  Drone x3  
  86  5:35  Zergling x6  
  86  5:40  Zergling x2  
  90  5:45  Overlord x4  
  89  5:57  Hatchery  
  89  5:59  Spire  
  89  6:00  Zergling x4  
  89  6:01  Overlord x3  
  89  6:03  Zergling x4  
  91  6:05  Zergling x4  
  91  6:07  Zergling x2  
  94  6:14  Zergling x10  
  94  6:18  Zergling x2  
  100  6:22  Zergling x2  
  100  6:24  Overlord  
  100  6:25  Zergling x2  
  102  6:27  Zergling x6  
  102  6:31  Zergling x2  
  106  6:37  Zergling x10  
  111  6:40  Zerg Melee Weapons Level 2  
  111  6:47  Drone x5  
  111  6:51  Drone x2  
  118  6:55  Extractor x2  
  118  6:56  Drone x2  
  118  6:58  Drone  
  115  7:01  Drone x4  
  115  7:04  Overlord  
  117  7:13  Mutalisk  
  117  7:14  Mutalisk x9  
  137  7:15  Zerg Flyer Weapons Level 1  
  137  7:18  Mutalisk  
  136  7:25  Mutalisk x2  
  136  7:27  Zergling x12  
  143  7:35  Mutalisk  
  145  7:38  Drone x10  
  145  7:44  Mutalisk x2  
  154  7:46  Mutalisk  
  154  7:47  Overlord x2  
  160  7:51  Zergling x6  
  160  7:53  Extractor x2  
  160  7:55  Drone x3  
  160  7:56  Drone  
  164  8:00  Mutalisk  
  164  8:01  Overlord  
  164  8:02  Overlord x2  
  162  8:05  Mutalisk x3  
  162  8:09  Zergling x12  
  161  8:12  Zergling x2  
  161  8:13  Zergling x2  
  161  8:15  Zergling x4  
  161  8:19  Mutalisk x3  
  161  8:27  Mutalisk x2  
  161  8:29  Zergling x8  
  165  8:35  Mutalisk x2  
  165  8:36  Zergling x8  
  174  8:41  Zergling x4  
  174  8:44  Mutalisk  
  174  8:47  Hatchery  
  176  8:50  Mutalisk x3  
  176  8:52  Zergling x18  
  191  8:58  Mutalisk x2  
  185  9:04  Zergling x8  
  185  9:06  Mutalisk  
  184  9:11  Zergling x4  
  184  9:15  Zergling x14  
  182  9:33  Mutalisk x7  
  193  9:38  Zergling x16  
  193  9:44  Mutalisk  
  200  9:52  Overlord  
  199  10:03  Mutalisk x2  
  199  10:05  Extractor  
  199  10:06  Hatchery  
  194  10:10  Extractor  
  194  10:11  Mutalisk x5  
  196  10:18  Zergling x12  
Tags
 
Add a new tag
Caveats
  • Supply blocks, unpowered buildings, or Contaminate may cause inaccurate times.
  • Supply counts are checked every 10 seconds.